| TOP OF THE 1ST |
|
Oakland (APP) Athletics batting - Pitching for Detroit (APP) Tigers : LHP Jayden Carey
|
|
Pitching: LHP Jayden Carey
|
|
|
Batting: RHB Scott Lister
|
0-0: Ball 1-0: Ball 2-0: Ground out 5-3 (Groundball, 56S, EV 85.0 MPH)
|
|
Batting: RHB Gabe Secundino
|
0-0: SINGLE (Groundball, 25, EV 73.8 MPH) (infield hit)
|
|
Batting: LHB Alejandro Muniz
|
0-0: Foul Ball, location: 2F 0-1: Fielders Choice at 2nd, 4-6 (Groundball, 34, EV 86.9 MPH)
|
|
Batting: LHB Roscoe Romaine
|
0-0: Called Strike 0-1: Ball 1-1: Ball Wild Pitch! Alejandro Muniz to second 2-1: Ball 3-1: Base on Balls
|
|
Batting: RHB Rafael Alarcon
|
0-0: SINGLE (Groundball, 56D, EV 96.2 MPH) Alejandro Muniz to third Roscoe Romaine to second
|
|
Batting: RHB Ryan Jennings
|
0-0: Ground out 1-3 (Groundball, 15S, EV 68.1 MPH)
|
| Top of the 1st over - 0 runs, 2 hits, 0 errors, 3 left on base; Oakland (APP) 0 - Detroit (APP) 0 |
| BOTTOM OF THE 1ST |
|
Detroit (APP) Tigers batting - Pitching for Oakland (APP) Athletics : RHP Jaime Sanchez
|
|
Pitching: RHP Jaime Sanchez
|
|
|
Batting: LHB Timotheus Young
|
0-0: Ball 1-0: SINGLE (Groundball, 6MS, EV 65.6 MPH) (infield hit)
|
|
Batting: RHB Kevin Steed
|
0-0: Ball Wild Pitch! Timotheus Young to second 1-0: Foul Ball, location: 2F 1-1: Ground out 5-3 (Groundball, 56, EV 100.6 MPH)
|
|
Batting: RHB Ernst Meloche
|
0-0: Swinging Strike 0-1: Ball 1-1: Ball 2-1: Ball 3-1: Base on Balls
|
|
Batting: RHB Brandon Everett
|
0-0: Called Strike 0-1: Foul Ball, location: 2F 0-2: Ball 1-2: Foul Ball, location: 2F 1-2: Fly out, F8 (Line Drive, 8RD, EV 92.5 MPH)
|
|
Batting: RHB Nate Dabney
|
0-0: Ball 1-0: Ball 2-0: Called Strike 2-1: SINGLE (Groundball, 56D, EV 98.1 MPH) Timotheus Young to third Ernst Meloche to second Runner from 3rd tries for Home, SAFE, throw by LF to home
|
|
Batting: SHB Ronnie Lundy
|
0-0: Ball 1-0: Foul Ball, location: 2F 1-1: Swinging Strike 1-2: Foul Ball, location: 2F 1-2: Foul Ball, location: 2F 1-2: Foul Ball, location: 2F 1-2: Strikes out swinging
|
| Bottom of the 1st over - 1 run, 2 hits, 0 errors, 2 left on base; Oakland (APP) 0 - Detroit (APP) 1 |
| TOP OF THE 2ND |
|
Oakland (APP) Athletics batting - Pitching for Detroit (APP) Tigers : LHP Jayden Carey
|
|
Batting: RHB Ricardo Claros
|
0-0: Ball 1-0: Foul Ball, location: 2F 1-1: Ball 2-1: Foul Ball, location: 2F 2-2: Strikes out looking
|
|
Batting: RHB Phoctor Dill
|
0-0: DOUBLE (Groundball, 5L, EV 104.4 MPH)
|
|
Batting: LHB Bill Helmer
|
0-0: Called Strike 0-1: Ground out 5-3 (Groundball, P, EV 88.8 MPH) Phoctor Dill to third
|
|
Batting: RHB Scott Lister
|
0-0: Ball 1-0: Ball 2-0: Ball 3-0: Swinging Strike 3-1: Foul Ball, location: 2F 3-2: Strikes out swinging
|
| Top of the 2nd over - 0 runs, 1 hit, 0 errors, 1 left on base; Oakland (APP) 0 - Detroit (APP) 1 |
| BOTTOM OF THE 2ND |
|
Detroit (APP) Tigers batting - Pitching for Oakland (APP) Athletics : RHP Jaime Sanchez
|
|
Batting: RHB Norm Wood
|
0-0: Fly out, F9 (Flyball, 89S, EV 91.9 MPH)
|
|
Batting: RHB George Sonier
|
0-0: Ball 1-0: Called Strike 1-1: Ball 2-1: SOLO HOME RUN (Flyball, 7D, EV 97.5 MPH), Distance : 362 ft
|
|
Batting: LHB Glen Boyle
|
0-0: Called Strike 0-1: Ball 1-1: Ground out 4-3 (Groundball, 4, EV 93.1 MPH)
|
|
Batting: LHB Timotheus Young
|
0-0: Ball 1-0: Ball 2-0: Called Strike 2-1: Ball 3-1: Base on Balls
|
|
Batting: RHB Kevin Steed
|
0-0: SINGLE (Line Drive, 8LS, EV 86.9 MPH) Timotheus Young to second
|
|
Batting: RHB Ernst Meloche
|
0-0: Foul Ball, location: 2F 0-1: Ball 1-1: Ball 2-1: Swinging Strike 2-2: Ball 3-2: Base on Balls Timotheus Young to third Kevin Steed to second
|
|
Batting: RHB Brandon Everett
|
0-0: Called Strike 0-1: Swinging Strike 0-2: Strikes out swinging
|
| Bottom of the 2nd over - 1 run, 2 hits, 0 errors, 3 left on base; Oakland (APP) 0 - Detroit (APP) 2 |
| TOP OF THE 3RD |
|
Oakland (APP) Athletics batting - Pitching for Detroit (APP) Tigers : LHP Jayden Carey
|
|
Batting: RHB Gabe Secundino
|
0-0: Called Strike 0-1: Ball 1-1: DOUBLE (Flyball, 89D, EV 89.4 MPH)
|
|
Batting: LHB Alejandro Muniz
|
0-0: Ball 1-0: Ball 2-0: Fly out, F9 (Flyball, 9S, EV 91.2 MPH)
|
|
Batting: LHB Roscoe Romaine
|
0-0: Ball 1-0: Ball 2-0: Ball 3-0: Called Strike 3-1: SINGLE (Groundball, 4MD, EV 100.0 MPH) Gabe Secundino to third Runner from 3rd tries for Home, SAFE, throw by CF to home Roscoe Romaine to second
|
|
Batting: RHB Rafael Alarcon
|
0-0: Ball 1-0: Called Strike 1-1: Ball 2-1: Foul Ball, location: 2F 2-2: Ball 3-2: Base on Balls
|
|
Batting: RHB Ryan Jennings
|
0-0: Ball 1-0: Foul Ball, location: 2F 1-1: Foul Ball, location: 2F 1-2: Strikes out looking
|
|
Batting: RHB Ricardo Claros
|
0-0: Swinging Strike 0-1: Ball 1-1: Swinging Strike 1-2: Strikes out swinging, 2-3 out at first.
|
| Top of the 3rd over - 1 run, 2 hits, 0 errors, 2 left on base; Oakland (APP) 1 - Detroit (APP) 2 |
| BOTTOM OF THE 3RD |
|
Detroit (APP) Tigers batting - Pitching for Oakland (APP) Athletics : RHP Jaime Sanchez
|
|
Batting: RHB Nate Dabney
|
0-0: Ground out 6-3 (Groundball, 56D, EV 82.5 MPH)
|
|
Batting: SHB Ronnie Lundy
|
0-0: Ground out U3 (Groundball, 3, EV 101.2 MPH)
|
|
Batting: RHB Norm Wood
|
0-0: Ball 1-0: Ball 2-0: Ball 3-0: Called Strike 3-1: SINGLE (Groundball, 6D, EV 96.2 MPH)
|
|
Batting: RHB George Sonier
|
0-0: Called Strike 0-1: Ball 1-1: Called Strike 1-2: Foul Ball, location: 2F 1-2: Strikes out looking
|
| Bottom of the 3rd over - 0 runs, 1 hit, 0 errors, 1 left on base; Oakland (APP) 1 - Detroit (APP) 2 |
| TOP OF THE 4TH |
|
Oakland (APP) Athletics batting - Pitching for Detroit (APP) Tigers : LHP Jayden Carey
|
|
Batting: RHB Phoctor Dill
|
0-0: Foul Ball, location: 2F 0-1: Ground out U3 (Groundball, 13, EV 90.0 MPH)
|
|
Batting: LHB Bill Helmer
|
0-0: Called Strike 0-1: Ball 1-1: Ground out 1-3 (Groundball, 34S, EV 70.0 MPH)
|
|
Batting: RHB Scott Lister
|
0-0: Foul Ball, location: 2F 0-1: DOUBLE (Line Drive, 89D, EV 105.6 MPH)
|
|
Batting: RHB Gabe Secundino
|
0-0: Called Strike 0-1: Called Strike 0-2: Ball 1-2: Ball 2-2: Ball 3-2: Strikes out swinging
|
| Top of the 4th over - 0 runs, 1 hit, 0 errors, 1 left on base; Oakland (APP) 1 - Detroit (APP) 2 |
| BOTTOM OF THE 4TH |
|
Detroit (APP) Tigers batting - Pitching for Oakland (APP) Athletics : RHP Jaime Sanchez
|
|
Batting: LHB Glen Boyle
|
0-0: Ball 1-0: Foul Ball, location: 2F 1-1: Ball 2-1: DOUBLE (Line Drive, 89XD, EV 105.6 MPH)
|
|
Batting: LHB Timotheus Young
|
0-0: Ball 1-0: Called Strike 1-1: Ball 2-1: Ball 3-1: Base on Balls
|
|
Batting: RHB Kevin Steed
|
0-0: Called Strike 0-1: Ball Wild Pitch! Glen Boyle to third Timotheus Young to second 1-1: Foul Ball, location: 2F 1-2: Ball 2-2: 3-RUN HOME RUN (Line Drive, 9D, EV 98.8 MPH), Distance : 378 ft
|
|
Pitching: RHP Quincy Potvin
|
|
|
Batting: RHB Ernst Meloche
|
0-0: Ball 1-0: Ball 2-0: Foul Ball, location: 2F 2-1: Ball 3-1: Base on Balls
|
|
Batting: RHB Brandon Everett
|
0-0: Ball 1-0: Called Strike 1-1: Ball 2-1: Fielders Choice at 2nd, 6-4 (Groundball, 6, EV 90.0 MPH)
|
|
Batting: RHB Nate Dabney
|
0-0: Ball 1-0: Ball 2-0: Foul Ball, location: 2F 2-1: Ball 3-1: Called Strike 3-2: Base on Balls Brandon Everett to second
|
|
Batting: SHB Ronnie Lundy
|
0-0: Ball 1-0: Foul Ball, location: 2F 1-1: Swinging Strike 1-2: Grounds into double play, 5-4-3 (Groundball, 5, EV 88.1 MPH)
|
| Bottom of the 4th over - 3 runs, 2 hits, 0 errors, 1 left on base; Oakland (APP) 1 - Detroit (APP) 5 |
| TOP OF THE 5TH |
|
Oakland (APP) Athletics batting - Pitching for Detroit (APP) Tigers : LHP Jayden Carey
|
|
Batting: LHB Alejandro Muniz
|
0-0: Called Strike 0-1: Ball 1-1: Ball 2-1: Ball 3-1: Base on Balls
|
|
Batting: LHB Roscoe Romaine
|
0-0: Fly out, F7 (Flyball, 7, EV 88.8 MPH)
|
|
Batting: RHB Rafael Alarcon
|
0-0: Ball 1-0: Ball 2-0: Ball 3-0: Called Strike 3-1: Grounds into double play, 6-4-3 (Groundball, 6, EV 103.1 MPH)
|
| Top of the 5th over - 0 runs, 0 hits, 0 errors, 0 left on base; Oakland (APP) 1 - Detroit (APP) 5 |
| BOTTOM OF THE 5TH |
|
Detroit (APP) Tigers batting - Pitching for Oakland (APP) Athletics : RHP Quincy Potvin
|
|
Batting: RHB Norm Wood
|
0-0: Ball 1-0: Ball 2-0: Called Strike 2-1: DOUBLE (Line Drive, 78D, EV 105.6 MPH)
|
|
Batting: RHB George Sonier
|
0-0: Foul Ball, location: 2F 0-1: Ball 1-1: Called Strike 1-2: Fly out, F9 (Flyball, 9D, EV 100.6 MPH) Runner from 2nd tags up, SAFE at 3rd, no throw by RF
|
|
Batting: LHB Glen Boyle
|
0-0: Ball Wild Pitch! Norm Wood scores 1-0: Swinging Strike 1-1: Ball 2-1: Ball 3-1: Base on Balls
|
|
Batting: LHB Timotheus Young
|
0-0: Ball 1-0: Fielders Choice at 2nd, 4-6 (Groundball, 34, EV 101.9 MPH)
|
|
Batting: RHB Kevin Steed
|
0-0: Foul Ball, location: 2F 0-1: Ball 1-1: Fly out, F3 (Popup, 3F, EV 58.1 MPH)
|
| Bottom of the 5th over - 1 run, 1 hit, 0 errors, 1 left on base; Oakland (APP) 1 - Detroit (APP) 6 |
| TOP OF THE 6TH |
|
Oakland (APP) Athletics batting - Pitching for Detroit (APP) Tigers : LHP Jayden Carey
|
|
Batting: RHB Ryan Jennings
|
0-0: Called Strike 0-1: Foul Ball, location: 2F 0-2: Ball 1-2: Fly out, F8 (Line Drive, 89D, EV 91.9 MPH)
|
|
Batting: RHB Ricardo Claros
|
0-0: Ball 1-0: Swinging Strike 1-1: Foul Ball, location: 2F 1-2: Ball 2-2: Foul Ball, location: 2F 2-2: Ball 3-2: Strikes out looking
|
|
Batting: RHB Phoctor Dill
|
0-0: Ball 1-0: Ball 2-0: Called Strike 2-1: Ball 3-1: Base on Balls
|
|
Batting: LHB Bill Helmer
|
0-0: Ground out 4-3 (Groundball, 34D, EV 102.5 MPH)
|
| Top of the 6th over - 0 runs, 0 hits, 0 errors, 1 left on base; Oakland (APP) 1 - Detroit (APP) 6 |
| BOTTOM OF THE 6TH |
|
Detroit (APP) Tigers batting - Pitching for Oakland (APP) Athletics : RHP Quincy Potvin
|
|
Batting: RHB Ernst Meloche
|
0-0: Ball 1-0: Ball 2-0: Foul Ball, location: 2F 2-1: Swinging Strike 2-2: Ball 3-2: Base on Balls
|
|
Batting: RHB Brandon Everett
|
0-0: DOUBLE (Line Drive, 9LM, EV 93.1 MPH) Ernst Meloche to third
|
|
Batting: RHB Nate Dabney
|
0-0: Ball 1-0: Ball 2-0: Called Strike 2-1: Ground out 4-3 (Groundball, 4, EV 81.2 MPH) Ernst Meloche scores Brandon Everett to third
|
|
Pitching: LHP Logan Stewart
|
|
|
Batting: SHB Ronnie Lundy
|
0-0: Called Strike 0-1: Swinging Strike 0-2: Strikes out swinging
|
|
Batting: RHB Norm Wood
|
0-0: Foul Ball, location: 2F 0-1: Ball 1-1: Ball 2-1: Foul Ball, location: 2F 2-2: Strikes out swinging
|
| Bottom of the 6th over - 1 run, 1 hit, 0 errors, 1 left on base; Oakland (APP) 1 - Detroit (APP) 7 |
| TOP OF THE 7TH |
|
Oakland (APP) Athletics batting - Pitching for Detroit (APP) Tigers : LHP Jayden Carey
|
|
Batting: RHB Scott Lister
|
0-0: Ball 1-0: Ball 2-0: Ball 3-0: Called Strike 3-1: Called Strike 3-2: Strikes out swinging
|
|
Batting: RHB Gabe Secundino
|
0-0: Hit by Pitch
|
|
Batting: LHB Alejandro Muniz
|
0-0: Ball 1-0: 2-RUN HOME RUN (Flyball, 9D, EV 96.9 MPH), Distance : 368 ft
|
|
Pitching: LHP Jim Belcher
|
|
|
Batting: LHB Roscoe Romaine
|
0-0: Ball 1-0: Swinging Strike 1-1: Fly out, F6 (Popup, 4S, EV 66.9 MPH)
|
|
Batting: RHB Rafael Alarcon
|
0-0: Called Strike 0-1: Foul Ball, location: 2F 0-2: Ball 1-2: Fly out, F7 (Flyball, 7D, EV 103.1 MPH)
|
| Top of the 7th over - 2 runs, 1 hit, 0 errors, 0 left on base; Oakland (APP) 3 - Detroit (APP) 7 |
| BOTTOM OF THE 7TH |
|
Detroit (APP) Tigers batting - Pitching for Oakland (APP) Athletics : LHP Logan Stewart
|
|
Batting: RHB George Sonier
|
0-0: Called Strike 0-1: Ball 1-1: Foul Ball, location: 2F 1-2: Foul Ball, location: 2F 1-2: Ball 2-2: Foul Ball, location: 2F 2-2: Ground out 1-3 (Groundball, 13S, EV 68.1 MPH)
|
|
Batting: LHB Glen Boyle
|
0-0: Ball 1-0: Ball 2-0: Called Strike 2-1: Fly out, F7 (Flyball, 78S, EV 71.2 MPH)
|
|
Batting: LHB Timotheus Young
|
0-0: Ball 1-0: Foul Ball, location: 2F 1-1: Ground out 4-3 (Groundball, 4, EV 85.6 MPH)
|
| Bottom of the 7th over - 0 runs, 0 hits, 0 errors, 0 left on base; Oakland (APP) 3 - Detroit (APP) 7 |
| TOP OF THE 8TH |
|
Oakland (APP) Athletics batting - Pitching for Detroit (APP) Tigers : LHP Jim Belcher
|
|
Batting: RHB Ryan Jennings
|
0-0: Ball 1-0: Foul Ball, location: 2F 1-1: Ball 2-1: Ball 3-1: Base on Balls
|
|
Batting: RHB Ricardo Claros
|
0-0: Ball 1-0: Called Strike 1-1: Ball 2-1: Foul Ball, location: 2F 2-2: 2-RUN HOME RUN (Flyball, 7D, EV 98.1 MPH), Distance : 365 ft
|
|
Pitching: RHP Mike Santana
|
|
|
Batting: RHB Phoctor Dill
|
0-0: Foul Ball, location: 2F 0-1: Swinging Strike 0-2: Foul Ball, location: 2F 0-2: Foul Ball, location: 2F 0-2: Strikes out swinging
|
|
Batting: LHB Bill Helmer
|
0-0: Called Strike 0-1: Foul Ball, location: 2F 0-2: Foul Ball, location: 2F 0-2: Foul Ball, location: 2F 0-2: Foul Ball, location: 2F 0-2: Ball 1-2: Ball 2-2: Ball 3-2: Foul Ball, location: 2F 3-2: Strikes out swinging
|
|
Batting: RHB Scott Lister
|
0-0: Foul Ball, location: 2F 0-1: Ball 1-1: Foul Ball, location: 2F 1-2: Ball 2-2: Ball 3-2: Strikes out swinging
|
| Top of the 8th over - 2 runs, 1 hit, 0 errors, 0 left on base; Oakland (APP) 5 - Detroit (APP) 7 |
| BOTTOM OF THE 8TH |
|
Detroit (APP) Tigers batting - Pitching for Oakland (APP) Athletics : LHP Logan Stewart
|
|
Batting: RHB Kevin Steed
|
0-0: Ball 1-0: Called Strike 1-1: Foul Ball, location: 2F 1-2: Foul Ball, location: 2F 1-2: Foul Ball, location: 2F 1-2: Strikes out swinging
|
|
Batting: RHB Ernst Meloche
|
0-0: Ball 1-0: Called Strike 1-1: Swinging Strike 1-2: Foul Ball, location: 2F 1-2: SINGLE (Groundball, 6MD, EV 101.2 MPH)
|
|
Batting: RHB Brandon Everett
|
0-0: Swinging Strike 0-1: Ball 1-1: Grounds into double play, 4-6-3 (Groundball, 4MD, EV 96.9 MPH)
|
| Bottom of the 8th over - 0 runs, 1 hit, 0 errors, 0 left on base; Oakland (APP) 5 - Detroit (APP) 7 |
| TOP OF THE 9TH |
|
Oakland (APP) Athletics batting - Pitching for Detroit (APP) Tigers : RHP Mike Santana
|
|
Now in LF: Isao Fukui
|
|
|
Now in RF: Seth Fox
|
|
|
Batting: RHB Gabe Secundino
|
0-0: Called Strike 0-1: Called Strike 0-2: Ball 1-2: Foul Ball, location: 2F 1-2: Strikes out swinging
|
|
Batting: LHB Alejandro Muniz
|
0-0: Called Strike 0-1: Ball 1-1: Swinging Strike 1-2: Strikes out swinging
|
|
Batting: LHB Roscoe Romaine
|
0-0: Swinging Strike 0-1: Ball 1-1: Foul Ball, location: 2F 1-2: Strikes out swinging
|
| Top of the 9th over - 0 runs, 0 hits, 0 errors, 0 left on base; Oakland (APP) 5 - Detroit (APP) 7 |
|